 Dungeon Crawl Stone Soup version 0.23.2-30-g0e89c35649 (webtiles) character file.

Game seed: 14271845201121623085

1637 Mrkan the Cudgeler (level 8, -6/73 HPs)
             Began as a Black Draconian Berserker on June 24, 2019.
             Was an Elder of Trog.
             Killed themself with a badly aimed orb of electricity (9 damage)
             ... on level 6 of the Dungeon.
             The game lasted 00:14:18 (5104 turns).

Mrkan the Cudgeler (Black Draconian Berserker)      Turns: 5104, Time: 00:14:18

Health: -6/73      AC: 10    Str: 20    XL:     8   Next: 66%
Magic:  8/8        EV:  8    Int:  8    God:    Trog [****..]
Gold:   215        SH: 14    Dex: 12    Spells: 7/7 levels left

rFire    . . .     SeeInvis .   d - +1 whip (freeze)
rCold    . . .     Gourm    .   x - +0 large shield
rNeg     . . .     Faith    .   (armour unavailable)
rPois    .         Spirit   .   (helmet restricted)
rElec    +         Reflect  .   n - +2 cloak {+Inv}
rCorr    .         Harm     .   v - +0 pair of gloves
MR       .....                  (no boots)
Stlth    +.........             (no amulet)
HPRegen  0.22/turn              (no ring)
MPRegen  0.11/turn              (no ring)

@: berserk cooldown, slowed, very slow
A: breathe lightning, unfitting armour, claws 1, hooves 1, electricity
resistance, evolution 1, cold-blooded, MP-powered wands, AC +6
a: Breathe Lightning, Berserk, Trog's Hand, Brothers in Arms, Renounce Religion,
Evoke Invisibility


You were on level 6 of the Dungeon.
You worshipped Trog.
Trog was greatly pleased with you.
You were not hungry.

You visited 1 branch of the dungeon, and saw 6 of its levels.
You also visited: Sewer.

You collected 341 gold pieces.
You spent 126 gold pieces at shops.

Inventory:

Hand Weapons
 d - a +1 whip of freezing (weapon)
Armour
 n - a +2 cloak of invisibility (worn)
 v - a +0 pair of gloves (worn)
 x - a +0 large shield (worn)
Jewellery
 y - an uncursed ring of positive energy {unknown}
 A - an uncursed ring of fire {unknown}
Wands
 u - a wand of flame (7)
Scrolls
 c - 5 scrolls of teleportation
 f - 4 scrolls of identify
 h - a scroll of blinking {unknown}
 k - 2 scrolls of fog
 o - 2 scrolls of amnesia
 p - 2 scrolls of enchant armour
 q - 2 scrolls of enchant weapon {unknown}
 t - a scroll of fear {unknown}
 w - 3 scrolls of remove curse {unknown}
Potions
 a - a potion of agility {unknown}
 e - 3 potions of might {unknown}
 g - 5 potions of curing
 i - 2 potions of degeneration {unknown}
 j - 8 potions of brilliance
 l - a potion of resistance {unknown}
 m - 2 potions of mutation
 r - a potion of magic {unknown}
 s - a potion of heal wounds {unknown}
Comestibles
 b - 8 rations


   Skills:
 + Level 7.6 Fighting
   Level 3.2(5.8) Axes
 * Level 7.6(8.0) Maces & Flails
 - Level 2.6 Dodging
 + Level 4.3 Shields


You had 7 spell levels left.
You didn't know any spells.
Your spell library was empty.

Dungeon Overview and Level Annotations

Branches:
Dungeon (6/15)
 Temple: D:4-7

Altars:
Ashenzari
Cheibriados
Nemelex Xobeh
Okawaru
Sif Muna
Uskayaw
Xom
Yredelemnul

Shops:
D:4 [

Annotations:
D:6 Prince Ribbit


Innate Abilities, Weirdness & Mutations

You can breathe wild blasts of lightning.
Your glossy black scales are hard. (AC +6)
You cannot fit into any form of body armour.
You are resistant to electric shocks. (rElec)
You are cold-blooded and may be slowed by cold attacks.
You have sharp fingernails.
You have large cloven feet.
You evolve.
You expend magic power (3 MP) to strengthen your wands.


Message History

Prince Ribbit is lightly wounded.
Prince Ribbit is no longer moving slowly.
You block Prince Ribbit's attack. Prince Ribbit hits you!
* * * LOW HITPOINT WARNING * * *
You barely miss Prince Ribbit.
You kick Prince Ribbit, but do no damage.
Your tail-slap misses Prince Ribbit.
Prince Ribbit is lightly wounded.
Prince Ribbit barely misses you. Prince Ribbit hits you!
* * * LOW HITPOINT WARNING * * *
You strike the helpless Prince Ribbit from behind!
You hit Prince Ribbit.
Prince Ribbit seems to slow down.
You freeze Prince Ribbit. You kick Prince Ribbit.
Your tail-slap misses Prince Ribbit.
Prince Ribbit is moderately wounded.
You breathe a wild blast of lightning!
You hear a mighty clap of thunder!
The orb of electricity explodes!
The orb of electricity engulfs you! You resist.
You die...

#.#########.##### #. #.#
#..........# #. #.# #.####.###.#
########. ###.####.#
#.###.#######........
.........####...................#
....####......###..........#....#
##### #.###..# ########.#.......
#.# #.########............ #.#
#.# #@.....####....... ####.# #.#
#.############...#
#####....###.###F# #.........
#...........#....# #.####...#
#.###.######.##### #.# #####
#.##..## #.# #.# #......# #.#
#.###### ...≈≈≈.# #.# #......#
...≈!≈.#####.# ######.#


You could see Prince Ribbit (confused).

Vanquished Creatures
  The ghost of Masnef the Sneak, a novice DEWz of Sif Muna (D:6)
  2 sky beasts
  An ice beast (D:5)
  2 phantoms
  2 ogres
  A scorpion (D:6)
  5 wights (D:6)
  A quasit (D:5)
  2 hounds (D:6)
  A jelly (D:6)
  An orc wizard (D:4)
  A centaur skeleton (D:6)
  An iguana (D:2)
  3 worker ants
  Robin (D:3)
  8 adders
  5 oozes
  4 dart slugs
  9 worms
  5 leopard geckos
  5 orcs
  5 ball pythons
  15 bats
  6 giant cockroaches
  11 hobgoblins
  6 quokkas
  9 frilled lizards
  14 goblins
  A jackal skeleton (D:5)
  8 kobolds
  A quokka skeleton (D:6)
  12 rats
  A spectral orc (D:2)
150 creatures vanquished.

Vanquished Creatures (others)
  A sky beast (D:4)
  An adder (D:4)
  A ball python (D:4)
  A jackal (D:4)
  A ball python skeleton (D:4)
5 creatures vanquished.

Grand Total: 155 creatures vanquished

Notes
Turn   | Place    | Note
-------+----------+-------------------------------------------
     0 | D:1      | Mrkan the Draconian Berserker began the quest for the Orb.
     0 | D:1      | Reached XP level 1. HP: 19/19 MP: 1/1
   223 | D:1      | Reached XP level 2. HP: 22/26 MP: 2/2
   254 | D:1      | Reached skill level 1 in Maces & Flails
   409 | D:1      | Reached XP level 3. HP: 33/33 MP: 3/3
   636 | D:1      | Reached ** piety under Trog
   881 | D:2      | Found a sparkling altar of Nemelex Xobeh.
   885 | D:2      | Reached XP level 4. HP: 35/41 MP: 4/4
  1353 | D:2      | Found a basalt altar of Yredelemnul.
  1497 | D:3      | Noticed Robin
  1510 | D:2      | Reached *** piety under Trog
  1532 | D:2      | Gained mutation: You evolve. [potion of mutation]
  1532 | D:2      | Gained mutation: You have large cloven feet. [potion of
                  | mutation]
  1532 | D:2      | Gained mutation: You have sharp fingernails. [potion of
                  | mutation]
  1532 | D:2      | Gained mutation: You expend magic power (3 MP) to
                  | strengthen your wands. [potion of mutation]
  1544 | D:2      | Reached XP level 5. HP: 31/47 MP: 5/5
  1546 | D:2      | Reached skill level 5 in Fighting
  1669 | D:3      | Killed Robin
  1708 | D:3      | Found a glowing drain.
  1729 | Sewer    | Entered a sewer
  2688 | D:4      | Reached **** piety under Trog
  3045 | D:4      | Found Adghary's Antique Armour Shop.
  3060 | D:4      | Bought a large shield for 126 gold pieces
  3116 | D:4      | Found a shattered altar of Ashenzari.
  3116 | D:4      | Noticed a sky beast
  3133 | D:4      | Killed a sky beast
  3133 | D:4      | Reached skill level 1 in Shields
  3133 | D:4      | Reached XP level 6. HP: 11/57 MP: 6/6
  3306 | D:4      | Found a deep blue altar of Sif Muna.
  3307 | D:4      | Found a shimmering altar of Xom.
  3307 | D:4      | Found a hide-covered altar of Uskayaw.
  3311 | D:4      | Found an iron altar of Okawaru.
  3382 | D:4      | Reached skill level 5 in Maces & Flails
  3382 | D:4      | Your scales start taking on a glossy black colour.
  3382 | D:4      | Reached XP level 7. HP: 58/63 MP: 7/7
  3382 | D:4      | Gained mutation: You are resistant to electric shocks.
                  | (rElec) [Black Draconian growth]
  3642 | D:4      | Found a shimmering altar of Xom.
  3801 | D:5      | Entered Level 5 of the Dungeon
  4166 | D:5      | Found a snail-covered altar of Cheibriados.
  4335 | D:6      | Reached XP level 8. HP: 71/71 MP: 8/8
  4594 | D:6      | Found an iron altar of Okawaru.
  4699 | D:6      | Noticed Prince Ribbit
  4758 | D:6      | Found a runed translucent door.
  5043 | D:6      | Noticed Masnef's ghost (novice DEWz)
  5080 | D:6      | Killed Masnef's ghost
  5101 | D:6      | HP: 3/73 [Prince Ribbit (11)]
  5104 | D:6      | Killed themself with a badly aimed orb of electricity

Skill      XL: |  1  2  3  4  5  6  7  8 |
---------------+-------------------------+-----
Maces & Flails | 1 2 3 4 5 6 7 |  7.6
Fighting       | 4 5 6 7 |  7.6
Shields        | 1 3 4 |  4.3
Axes           | |  3.2
Dodging        | |  2.6

Action                   |  1- 3 |  4- 6 |  7- 9 || total
-------------------------+-------+-------+-------++-------
Melee: Hand axe          |    19 |       |       ||    19
       Whip              |   103 |   243 |   208 ||   554
       Tailslap          |     6 |    32 |    24 ||    62
       Kick              |       |    37 |    62 ||    99
Invok: Berserk           |       |     1 |     2 ||     3
 Abil: Breathe Lightning |       |       |     2 ||     2
  Use: Scroll            |       |     8 |       ||     8
       Potion            |       |     2 |     1 ||     3
 Stab: Confused          |       |       |     1 ||     1
  Eat: Chunk             |       |     9 |     4 ||    13
       Ration            |       |       |     2 ||     2
Armor: Skin              |    43 |   113 |    68 ||   224
Dodge: Dodged            |   101 |   217 |    44 ||   362
Block: Large shield      |       |    16 |   142 ||   158
